 Dungeon Crawl Stone Soup version 0.21.1-1-g345015fe64 (webtiles) character file.

44 Oravi the Insei (level 3, 0/26 HPs)
             Began as a Merfolk Transmuter on Apr 11, 2018.
             Slain by a jackal (3 damage)
             ... on level 2 of the Dungeon.
             The game lasted 00:05:01 (1456 turns).

Oravi the Insei (Merfolk Transmuter)                Turns: 1456, Time: 00:05:02

Health: 0/26       AC:  2    Str: 10    XL:     3   Next: 62%
Magic:  1/6        EV: 13    Int: 13    God:
Gold:   8          SH:  0    Dex: 14    Spells: 0/6 levels left

rFire    . . .     SeeInvis .     - Unarmed
rCold    . . .     Gourm    .   (no shield)
rNeg     . . .     Faith    .   b - +0 robe
rPois    .         Spirit   .   (no helmet)
rElec    .         Reflect  .   (no cloak)
rCorr    .         Harm     .   (no gloves)
MR       .....                  (no boots)
Stlth    +.........             (no amulet)
HPRegen  0.08/turn              (no ring)
MPRegen  0.10/turn              (no ring)

@: appendage, very slightly contaminated
A: change form in water, swift swim, stealthy swim, horns 2
a: End Transformation


You were on level 2 of the Dungeon.
You were very hungry.
You had grown temporary horns.
You visited 1 branch of the dungeon, and saw 2 of its levels.

You collected 8 gold pieces.

Inventory:

Missiles
 a - 11 arrows (quivered)
Armour
 b - a +0 robe (worn)
Scrolls
 e - a scroll of remove curse {unknown}
 g - a scroll of identify {unknown}
Books
 c - a book of Changes

   Spells                             Type                      Level
   a - Beastly Appendage              Transmutation                1
   b - Sticks to Snakes               Transmutation                2
   c - Spider Form                    Transmutation/Poison         3
   d - Ice Form                       Ice/Transmutation            4
   e - Blade Hands                    Transmutation                5
Comestibles
 d - a ration


   Skills:
 + Level 1.1 Fighting
 + Level 3.1 Dodging
 + Level 4.2 Unarmed Combat
 + Level 2.2 Spellcasting
 * Level 3.3 Transmutations
 * Level 0.1 Poison Magic


You couldn't memorise any spells.
You knew the following spells:

 Your Spells              Type           Power        Failure   Level  Hunger
a - Beastly Appendage     Tmut           ##....       6%          1    ##.....
b - Sticks to Snakes      Tmut           ##......     10%         2    ###....
c - Spider Form           Tmut/Pois      #.........   36%         3    ####...


Dungeon Overview and Level Annotations

Branches:
Dungeon (2/15)

Altars:


Innate Abilities, Weirdness & Mutations

You revert to your normal form in water.
You are very nimble and swift while swimming.
You are very stealthy in the water. (Stealth+)
You have a pair of horns on your head.


Message History

The jackal is moderately wounded.
The jackal closely misses you.
You hit the jackal.
You kill the jackal!
You are feeling very hungry.
The jackal bites you. x2
A hobgoblin comes into view.
You closely miss the jackal.
The hobgoblin shouts!
The jackal bites you.
* * * LOW HITPOINT WARNING * * *
The jackal bites you.
* * * LOW HITPOINT WARNING * * *
The jackal bites you but does no damage.
You aren't carrying any potions.
You hit the jackal but do no damage. The jackal completely misses you.
The jackal barely misses you.
You hit the jackal but do no damage. The jackal completely misses you.
The jackal bites you.
You die...

... .... .. ...
## #.. ... .g
#.. #....#
.##...#.#.g#
..>...#.#..#
#..†r...# #h#.#
#@#.# # #.h.# #.
##..#
#.###..##..#
#............
#..<.......##
.........[.##.##
[.###.####.# ...
... .# ###


You could see 2 jackals, 2 hobgoblins and a rat.

Vanquished Creatures
  2 oozes (D:1)
  2 dart slugs (D:1)
  A giant cockroach (D:1)
  2 goblins (D:1)
  4 hobgoblins (D:1)
  8 jackals
  A quokka (D:2)
  A ball python (D:1)
  A frilled lizard (D:1)
  5 kobolds (D:1)
  A rat (D:1)
28 creatures vanquished.

Notes
Turn   | Place    | Note
-------+----------+-------------------------------------------
     0 | D:1      | Oravi the Merfolk Transmuter began the quest for the Orb.
     0 | D:1      | Reached XP level 1. HP: 15/15 MP: 3/3
   198 | D:1      | Reached XP level 2. HP: 19/21 MP: 3/5
   970 | D:1      | Reached skill level 4 in Unarmed Combat
   970 | D:1      | Reached XP level 3. HP: 26/26 MP: 3/6
   974 | D:1      | Learned a level 2 spell: Sticks to Snakes
   978 | D:1      | Learned a level 3 spell: Spider Form
  1456 | D:2      | Slain by a jackal

Skill      XL: |  1  2  3 |
---------------+----------+-----
Transmutations | 3 |  3.3
Unarmed Combat | 4 |  4.2
Dodging        | 3 |  3.1
Fighting       | |  1.1
Spellcasting   | |  2.2
Poison Magic   | |  0.1

Action                   || total
-------------------------++-------
Melee: Unarmed           ||    88
       Headbutt          ||     7
 Cast: Beastly Appendage ||    12
       Spider Form       ||     5
  Eat: Chunk             ||     2
Armor: Robe              ||     8
       Skin              ||     1
Dodge: Dodged            ||    67
